 Dungeon Crawl Stone Soup version 0.28.0-53-g5a82cb258f (webtiles) character file.

Game seed: 339317594564731662

3858 Ashen the Skirmisher (level 10, -2/102 HPs)
             Began as an Ogre Ice Elementalist on Aug 17, 2022.
             Was a Believer of Vehumet.
             Slain by a killer bee (7 damage)
             ... on level 7 of the Dungeon.
             The game lasted 00:24:50 (11656 turns).

Ashen the Skirmisher (Ogre Ice Elementalist)       Turns: 11656, Time: 00:24:51

Health: -2/102     AC:  5    Str: 20    XL:     10   Next: 18%
Magic:  20/20      EV: 11    Int: 23    God:    Vehumet [**....]
Gold:   109        SH:  0    Dex:  9    Spells: 11/23 levels left

rFire   . . .      SeeInvis .   i - +1 short sword (venom)
rCold   . . .      Faith    .   (no shield)
rNeg    . . .      Spirit   .   u - +2 robe of the New World {Int+3}
rPois   .          Reflect  .   (helmet restricted)
rElec   .          Harm     .   (no cloak)
rCorr   .          Rampage  .   (gloves unavailable)
Will    ++...                   (boots unavailable)
Stlth   +++.......              (no amulet)
HPRegen 0.27/turn               x - +6 ring of strength
MPRegen 0.17/turn               p - ring of willpower

@: lethally poisoned (-2 -> -9)
A: large, unfitting armour, tough skin 1
a: Renounce Religion


You were on level 7 of the Dungeon.
You worshipped Vehumet.
Vehumet was pleased with you.
You visited 2 branches of the dungeon, and saw 9 of its levels.
You also visited: Ossuary.

You collected 392 gold pieces.
You spent 283 gold pieces at shops.

Inventory:

Hand Weapons
 i - a +1 short sword of venom (weapon)
 j - a +1 dagger of speed
 q - a +1 flail of holy wrath
Missiles
 l - 7 poisoned darts
Armour
 u - the +2 robe of the New World (worn) {Int+3}
   (You found it on level 4 of the Dungeon)

   Int:       It affects your intelligence (+3).
 y - +0 steam dragon scales
 C - a +1 robe of willpower
Jewellery
 p - a ring of willpower (right hand)
 x - a +6 ring of strength (left hand)
Wands
 B - a wand of digging (6)
 E - a wand of iceblast (8)
Scrolls
 c - 2 scrolls of enchant weapon {unknown}
 g - a scroll of noise
 k - 2 scrolls of teleportation {unknown}
 m - 2 scrolls of amnesia
 o - a scroll of enchant armour {unknown}
 t - a scroll of fog {unknown}
 v - a scroll of silence
 F - a scroll of holy word
 G - 2 scrolls of vulnerability {unknown}
Potions
 a - 3 potions of curing
 b - 2 potions of ambrosia
 e - 3 potions of brilliance
 f - 2 potions of haste
 h - a potion of flight
 n - a potion of cancellation
 r - 3 potions of attraction
 s - 2 potions of berserk rage
 w - 3 potions of lignification
 z - 2 potions of might
 A - a potion of mutation


   Skills:
 + Level 7.5 Fighting
 + Level 4.9 Maces & Flails
 + Level 5.7 Dodging
 - Level 5.0 Stealth
 + Level 7.0 Spellcasting
 + Level 6.6 Ice Magic


You had 11 spell levels left.
You knew the following spells:

 Your Spells              Type           Power      Damage    Failure   Level
a - Freeze                Ice            100%       1d11      1%          1
b - Frozen Ramparts       Ice            76%        1d9       1%          3
c - Ozocubu's Armour      Ice            38%        N/A       1%          3
d - Hailstorm             Conj/Ice       23%        3d7       21%         4
e - Foxfire               Conj/Fire      32%        2x1d5     8%          1

Your spell library contained the following spells:

 Spells                   Type           Power      Damage    Failure   Level
 Inner Flame              Hex/Fire       8%         N/A       22%         3
 Ensorcelled Hibernation  Hex/Ice        46%        N/A       3%          2
 Magic Dart               Conj           32%        1d4       8%          1
 Corpse Rot               Necr/Air       16%        N/A       12%         2
 Poisonous Vapours        Pois/Air       16%        N/A       12%         2
 Searing Ray              Conj           16%        2d5       12%         2
 Static Discharge         Conj/Air       8%         N/A       12%         2
 Spider Form              Tmut/Pois      8%         N/A       22%         3
 Anguish                  Hex/Necr       4%         N/A       58%         4
 Fulminant Prism          Conj/Hex       4%         3d6       58%         4
 Lightning Bolt           Conj/Air       4%         1d15      91%         5
 Ozocubu's Refrigeration  Ice            19%        4d8       99%         7
 Maxwell's Capacitive Co  Air            4%         ∞         100%        8


Dungeon Overview and Level Annotations

Branches:
Dungeon (8/15)             Temple (1/1) D:5         Ossuary (visited)
   Lair: D:8-11

Altars:
Ashenzari
Cheibriados
Dithmenos
Elyvilon
Gozag
Hepliaklqana
Kikubaaqudgha
Makhleb
Nemelex Xobeh
Okawaru
Qazlal
Ru
Sif Muna
Trog
Vehumet
Wu Jian
Xom
Yredelemnul
Zin
The Shining One

Shops:
D:3 !   D:6 =   D:7 *

Annotations:
D:3 3 runed translucent doors, exclusion: 3 doors, muxecoid's ghost, amateur TeHu


Innate Abilities, Weirdness & Mutations

You are too large for most types of armour.
You have tough skin. (AC +1)


Message History

The killer bee misses you. The two-headed ogre misses you.
The two-headed ogre hits you with a +0 giant club!
The killer bee closely misses you.
You climb upwards.
There is a stone staircase leading down here.
The killer bee stings you.
You are poisoned.
The killer bee poisons you!
You feel sick. The killer bee closely misses you.
You feel sick. The killer bee barely misses you. The killer bee stings you.
You feel sick. The killer bee misses you. The killer bee closely misses you.
You feel sick.
The killer bee stings you but does no damage.
You feel sick.
You are no longer poisoned.
The two-headed ogre hits you with a +0 giant club!
The two-headed ogre hits you with a +0 giant club!!
The killer bee closely misses you. The killer bee stings you.
* * * LOW HITPOINT WARNING * * *
There is a stone staircase leading up here.
Okay, then.
Casting: Ozocubu's Armour (safe; 1% risk of failure)
Confirm with . or Enter, or press ? or * to list all spells.
You can't see any susceptible monsters within range! (Use Z to cast anyway.)
As you read the scroll of summoning, it crumbles to dust.
Wisps of shadow whirl around you... The killer bee stings you.
* * * LOW HITPOINT WARNING * * *
You are poisoned.
The killer bee poisons you! The two-headed ogre barely misses you.
The two-headed ogre hits you with a +0 giant club!!
* * * LOW HITPOINT WARNING * * *
The killer bee misses you.
Okay, then.
* * * LOW HITPOINT WARNING * * *
You feel very sick.
Your centaur hits the two-headed ogre.
Your centaur kicks the two-headed ogre.
Your bullfrog skeleton hits the two-headed ogre.
The killer bee stings you!
You die...

#.[...............
#.................
############....##########
##....##.####....# ########
#......[.........###......#
#................##....._.#
#.........z......##...#...#
####.##.##..J###...##(.######
#..#.##.##..@###...##..##
#....#..z..zy<+....##...#####
#....#......O.#....##........
#....#.....cZ.#....###.......
#....#........#....# ########
##...##....##.##...##########
######....#####....##.......
#.>....'................
#......#................


You could see a two-headed ogre (ally target), a killer bee (ally target), a
friendly centaur (summoned), a friendly jelly (summoned), 3 friendly wights and
a friendly bullfrog skeleton (summoned).

Vanquished Creatures
  A wind drake (shapeshifter) (D:8)
  2 wyverns
  A wraith (Ossuary)
  A steam dragon (D:6)
  3 vampire mosquitoes (D:7)
  A sky beast (D:6)
  2 orc warriors (D:7)
  A hornet zombie (D:8)
  An ice beast (D:6)
  2 black bears
  2 necrophages
  An ogre (D:5)
  2 centaurs (D:7)
  A bullfrog (D:7)
  Blork the orc (D:6)
  3 scorpions (D:5)
  10 killer bees
  4 wights
  A bullfrog zombie (D:5)
  A centaur zombie (D:5)
  4 hounds
  A centaur skeleton (D:6)
  3 orc priests
  2 bullfrog skeletons
  3 iguanas
  2 orc wizards (D:7)
  A killer bee zombie (D:5)
  A mummy (Ossuary)
  5 gnolls
  A howler monkey skeleton (D:5)
  6 adders
  A white imp (D:6)
  2 dart slugs
  22 orcs
  5 bats
  8 endoplasms
  3 giant cockroaches
  4 goblins
  5 hobgoblins
  3 jackals (D:4)
  3 quokkas
  4 ball pythons
  3 frilled lizards
  7 gnoll skeletons (Ossuary)
  7 kobolds
  4 kobold skeletons (Ossuary)
  14 orc skeletons (Ossuary)
  6 rats
171 creatures vanquished.

Vanquished Creatures (others)
  169 foxfires
  2 fungi (D:3)
  2 plants (D:3)
173 creatures vanquished.

Grand Total: 344 creatures vanquished

Notes
Turn   | Place    | Note
-------+----------+-------------------------------------------
     0 | D:1      | Ashen the Ogre Ice Elementalist began the quest for the
                  | Orb.
     0 | D:1      | Reached XP level 1. HP: 16/16 MP: 3/3
   182 | D:1      | Reached XP level 2. HP: 26/26 MP: 2/5
   410 | D:1      | Reached skill level 1 in Fighting
   721 | D:1      | Found a faded altar of an unknown god.
   975 | D:1      | Reached XP level 3. HP: 33/33 MP: 4/7
  1753 | D:2      | Reached XP level 4. HP: 35/42 MP: 8/8
  2232 | D:3      | Found Onol's Distillery.
  2235 | D:3      | Bought a potion of heal wounds for 60 gold pieces
  2235 | D:3      | Bought a potion of degeneration for 12 gold pieces
  3446 | D:3      | Found a runed translucent gate.
  3447 | D:3      | Found a runed translucent gate.
  3448 | D:3      | Found a runed translucent gate.
  3450 | D:3      | Noticed muxecoid's ghost (amateur TeHu)
  3451 | D:3      | Noticed a kobold brigand
  3674 | D:4      | Noticed a necrophage
  3693 | D:4      | Killed a necrophage
  3694 | D:4      | Reached XP level 5. HP: 16/50 MP: 8/10
  3698 | D:4      | Learned a level 3 spell: Frozen Ramparts
  3702 | D:4      | Learned a level 3 spell: Ozocubu's Armour
  3998 | D:4      | Identified the +2 robe of the New World {Int+3}
  4540 | D:4      | Reached skill level 1 in Maces & Flails
  4540 | D:4      | Reached XP level 6. HP: 41/59 MP: 11/11
  4726 | D:4      | Learned a level 4 spell: Hailstorm
  4840 | D:5      | Entered Level 5 of the Dungeon
  4873 | D:5      | Noticed a black bear
  4879 | D:5      | Killed a black bear
  4953 | D:5      | Found a staircase to the Ecumenical Temple.
  4965 | Temple   | Entered the Ecumenical Temple
  5177 | Temple   | Became a worshipper of Vehumet
  5201 | Temple   | Reached XP level 7. HP: 23/67 MP: 11/13
  5461 | D:5      | Found a sand-covered staircase.
  5464 | Ossuary  | Entered an ossuary
  5464 | Ossuary  | Noticed a wraith
  5464 | Ossuary  | Noticed a wraith
  5464 | Ossuary  | Noticed a wraith
  5684 | Ossuary  | Reached * piety under Vehumet
  5684 | Ossuary  | Offered knowledge of Foxfire by Vehumet.
  5687 | Ossuary  | Learned a level 1 spell: Foxfire
  5703 | Ossuary  | Noticed a wraith
  5740 | Ossuary  | Killed a wraith
  6018 | D:5      | Found a burning altar of Makhleb.
  6154 | D:5      | Reached skill level 5 in Ice Magic
  6163 | D:5      | Reached XP level 8. HP: 70/79 MP: 14/14
  6246 | D:5      | Found a stormy altar of Qazlal.
  6440 | D:5      | Found a shadowy altar of Dithmenos.
  6453 | D:5      | Found a stormy altar of Qazlal.
  6743 | D:5      | Found a bloodstained altar of Trog.
  7080 | D:5      | Found a glowing golden altar of the Shining One.
  7080 | D:5      | Found a sacrificial altar of Ru.
  7137 | D:6      | Found Unaps's Jewellery Shoppe.
  7424 | D:6      | Found a sparkling altar of Nemelex Xobeh.
  7525 | D:6      | Reached skill level 5 in Spellcasting
  7616 | D:6      | Reached skill level 5 in Fighting
  7760 | D:6      | Reached ** piety under Vehumet
  7760 | D:6      | Offered knowledge of Scorch by Vehumet.
  7896 | D:6      | Reached XP level 9. HP: 17/89 MP: 0/17
  8501 | D:6      | Noticed Blork the orc
  8511 | D:6      | Killed Blork the orc
  8880 | D:3      | Bought a potion of ambrosia for 96 gold pieces
  9436 | D:7      | Found Wiyvec's Hallowed Reliquary.
  9438 | D:7      | Noticed an angel
  9444 | D:7      | Bought a scroll of holy word for 82 gold pieces
  9444 | D:7      | Bought a potion of curing for 33 gold pieces
  9454 | D:7      | Reached skill level 5 in Dodging
 10403 | D:7      | Found a hazy altar of Hepliaklqana.
 10575 | D:8      | Found a basalt altar of Yredelemnul.
 10627 | D:8      | Reached XP level 10. HP: 63/98 MP: 18/20
 11126 | D:8      | Reached skill level 5 in Stealth
 11429 | D:8      | Noticed a two-headed ogre
 11470 | D:7      | Offered knowledge of Inner Flame by Vehumet.
 11656 | D:7      | HP: 5/102 [poisoned by a killer bee]
 11656 | D:7      | Slain by a killer bee

Illustrated notes

Levels and vault maps discovered:
D:1:      dpeg_arrival_connections, layout_basic,
          shapermc_ecumenical_altar_starsandcircs, minmay_hedge_maze,
          chequers_arboretum, chequers_serial_rivers_micro_a
D:2:      layout_loops_ring
D:3:      layout_loops_ring, gammafunk_ghost_nasty_kobolds, serial_shops,
          nicolae_shop_behind_doors, corexii_hall_statues_i,
          minmay_misc_feat_pillars
D:4:      layout_basic
D:5:      layout_basic, general_overflow_altar, lightli_temple_of_fire,
          makhleb_heckhound_becter, nicolae_overflow_hidden_temple,
          minmay_temple_entry_mini_moons, lightli_ossuary_entry_decrepit_ruins,
          grunt_ministairs_6, minmay_statues_item, hangedman_feature_mirror
D:6:      layout_cave_pods, lemuel_doored_altar, serial_shops, shop,
          uniq_blork_the_orc
D:7:      layout_gridville, nicolae_hepliaklqana_hippocampus, nicolae_good_shop
D:8:      layout_loops_cross, glass_columns_a, nicolae_specific_store,
          grunt_ministairs_8, kennysheep_flooded_box, minivault_4
Temple:   hc_temple_tempest_star

Skill      XL: |  1  2  3  4  5  6  7  8  9 10 |
---------------+-------------------------------+-----
Dodging        | 2 3 4 5 |  5.7
Fighting       | 1 2 3 4 5 7 |  7.5
Spellcasting   | 3 4 5 6 7 |  7.0
Stealth        | 2 3 4 5 |  5.0
Ice Magic      | 4 5 6 |  6.6
Maces & Flails | 1 2 3 4 |  4.9

Action                   |  1- 3 |  4- 6 |  7- 9 | 10-12 || total
-------------------------+-------+-------+-------+-------++-------
Melee: Unarmed           |    20 |       |       |       ||    20
       Short sword       |     5 |   119 |   124 |    10 ||   258
       Flail             |       |    19 |   117 |       ||   136
       Punch             |       |     1 |     4 |       ||     5
 Cast: Freeze            |    54 |     6 |     4 |     4 ||    68
       Ozocubu's Armour  |       |     2 |    19 |     3 ||    24
       Frozen Ramparts   |       |     2 |    16 |     3 ||    21
       Foxfire           |       |       |    93 |     2 ||    95
       Hailstorm         |       |       |       |     3 ||     3
  Use: Scroll            |       |       |    14 |     4 ||    18
       Potion            |       |       |     2 |       ||     2
 Stab: Distracted        |     1 |       |       |       ||     1
       Sleeping          |       |     1 |       |     1 ||     2
Armor: Robe              |    14 |    50 |   150 |     8 ||   222
Dodge: Dodged            |    28 |    72 |   161 |    34 ||   295
